 Dungeon Crawl Stone Soup version 0.19.0-11-g3fc08b3 (webtiles) character file.

186 KarmaPolice the Bolt Thrower (level 5, 0/36 HPs)
             Began as a Halfling Hunter on Nov 9, 2016.
             Slain by an orc
             ... wielding a +0 short sword of flaming
              (1 damage)
             ... on level 3 of the Dungeon.
             The game lasted 00:05:28 (2932 turns).

KarmaPolice the Bolt Thrower (Halfling Hunter)      Turns: 2932, Time: 00:05:30

Health: 0/36       AC:  4    Str: 13    XL:     5   Next: 98%
Magic:  5/5        EV: 16    Int:  9    God:
Gold:   55         SH:  0    Dex: 16    Spells: 0 memorised, 4 levels left

rFire  . . .     SeeInvis .     b - +0 short sword
rCold  . . .     Gourm    .     c - +0 leather armour
rNeg   . . .     Faith    .     (shield restricted)
rPois  .         Spirit   .     (no helmet)
rElec  .         Reflect  .     r - +0 cloak
rCorr  .         Harm     .     (no gloves)
MR     .....                    (no boots)
Stlth  ++........               (no amulet)
                                (no ring)
                                (no ring)

@: no status effects
A: mutation resistance 1
a: no special abilities


You were on level 3 of the Dungeon.
You were hungry.

You visited 1 branch of the dungeon, and saw 3 of its levels.

You collected 55 gold pieces.

Inventory:

Hand Weapons
 a - a +1 hand crossbow
 b - a +0 short sword (weapon)
 o - a cursed -3 hand axe
Missiles
 d - 45 bolts
Armour
 c - a +0 leather armour (worn)
 r - a +0 cloak (worn)
Jewellery
 g - an uncursed ring of positive energy {unknown}
Scrolls
 h - 3 scrolls of identify {unknown}
 i - 2 scrolls of random uselessness {unknown}
 k - a scroll of teleportation {unknown}
 n - a scroll of enchant weapon {unknown}
 p - 2 scrolls of recharging {unknown}
 q - 2 scrolls of blinking {unknown}
 v - a scroll of fear {unknown}
 w - a scroll of remove curse {unknown}
Potions
 e - a potion of flight {unknown}
 j - a potion of degeneration {unknown}
 l - a potion of lignification {unknown}
 m - a potion of curing {unknown}
 s - 2 potions of agility {unknown}
 u - a potion of brilliance {unknown}
Comestibles
 f - 3 bread rations
 t - 7 chunks of flesh


   Skills:
 + Level 2.8 Fighting
 + Level 2.8 Short Blades
 + Level 5.3 Crossbows
 + Level 3.7 Dodging
 - Level 1.1 Stealth


You had 4 spell levels left.
You didn't know any spells.

Dungeon Overview and Level Annotations

Branches:
Dungeon (3/15)

Altars:


Innate Abilities, Weirdness & Mutations

You are small and have problems with some larger weapons.
You are somewhat resistant to further mutation.


Message History

You closely miss the orc wizard. The orc wizard closely misses you.
The orc hits you but does no damage. The orc wizard hits you with a dagger.
* * * LOW HITPOINT WARNING * * *
You hit the orc wizard.
The orc wizard is moderately wounded.
You feel yourself speed up. The orc barely misses you.
The orc wizard mumbles some strange words.
The orc wizard blinks!
The orc hits you but does no damage.
You hit the orc wizard.
The orc wizard is heavily wounded.
The orc wizard hits you but does no damage.
Some of the chunks of flesh in your inventory have rotted away.
You barely miss the orc wizard.
The orc wizard is heavily wounded.
The orc wizard hits you but does no damage.
The orc hits you with a short sword of flaming.
* * * LOW HITPOINT WARNING * * *
The orc burns you.
You die...

#..........##
#..........# #.....(....#
#...######.#
##########...######.##
.....................
######.##########.###..##
#......oo.....# #......#
#.####)#@o....#######.###
#o#..........)...# #
#.#......##....### #
#)#......##.##.# #
#.#......##.##.#####
#.#......##...<.....
#.#......###########
#.#######. # #.# #


You could see an orc wizard and 2 orcs.

Vanquished Creatures
  An orc wizard (D:3)
  Jessica (D:2)
  4 gnolls (D:2)
  4 adders
  2 dart slugs
  A leopard gecko (D:2)
  An orc (D:3)
  3 giant cockroaches (D:1)
  9 hobgoblins
  3 jackals (D:1)
  A quokka (D:3)
  4 bats
  5 frilled lizards
  9 goblins
  4 kobolds
  4 rats (D:1)
56 creatures vanquished.

Notes
Turn   | Place    | Note
-------+----------+-------------------------------------------
     0 | D:1      | KarmaPolice the Halfling Hunter began the quest for the Orb.
     0 | D:1      | Reached XP level 1. HP: 14/14 MP: 1/1
   320 | D:1      | Reached XP level 2. HP: 19/19 MP: 2/2
   579 | D:1      | Reached skill level 1 in Short Blades
   584 | D:1      | Reached XP level 3. HP: 15/24 MP: 3/3
  1442 | D:2      | Reached XP level 4. HP: 13/29 MP: 4/4
  1798 | D:2      | Reached skill level 5 in Crossbows
  1859 | D:2      | Noticed Jessica
  1868 | D:2      | Reached XP level 5. HP: 34/35 MP: 5/5
  1878 | D:2      | Killed Jessica
  1920 | D:2      | Found a faded altar of an unknown god.
  2932 | D:3      | HP: 1/36 [orc/short sword of flaming (2)]
  2932 | D:3      | Slain by an orc

Skill      XL: |  1  2  3  4 |
---------------+-------------+-----
Short Blades   | 1 2 |  2.8
Fighting       | 2 |  2.8
Dodging        | 3 |  3.7
Crossbows      | 5 |  5.3
Stealth        | |  1.1

Action                   |  1- 3 |  4- 6 || total
-------------------------+-------+-------++-------
Melee: Short sword       |   111 |   104 ||   215
 Fire: Hand crossbow     |     1 |    25 ||    26
 Stab: Sleeping          |     3 |     2 ||     5
  Eat: Chunk             |     2 |     4 ||     6
Armor: Leather armour    |    24 |    17 ||    41
Dodge: Dodged            |    86 |    95 ||   181
